 Dungeon Crawl Stone Soup version 0.31-a0-986-g5e6e4ef867 (webtiles) character file.

Game seed: 1710717803228933841

1815 timneilson the Ruffian (level 9, -1/61 HPs)
             Began as an Octopode Shapeshifter on Nov 15, 2023.
             Was an Initiate of Gozag.
             Slain by a troll (13 damage)
             ... on level 7 of the Dungeon.
             The game lasted 00:11:44 (5913 turns).

timneilson the Ruffian (Octopode Shapeshifter)      Turns: 5913, Time: 00:11:44

Health: -1/61      AC:  1    Str: 19    XL:     9   Next: 10%
Magic:  9/9        EV: 16    Int: 12    God:    Gozag
Gold:   612        SH:  5    Dex: 21    Spells: 8/8 levels left

rFire   . .          .
                       - Unarmed
rCold   . . .        r - +0 buckler
rNeg    . . .        (helmet currently unavailable)
rPois   .            (no amulet)
rElec   .            f - +6 ring of dexterity
rCorr   .            i - ring of flight
SInv    +            k - +4 ring of slaying
Will    +....        o - ring "Wysy" {Will+ Str+2 Dex+3 SInv}
Stlth   ++++         (no ring)
HPRegen 0.30/turn    (no ring)
MPRegen 0.11/turn    (no ring)
                     (no ring)

%: no passive effects
@: beast-form, gold aura, flying, hasted, very quick
A: beast (slay +3), almost no armour, amphibious, 8 rings, camouflage 1,
gelatinous body 1, (nimble swimmer 1), tentacles
a: Begin Untransformation, Renounce Religion, Potion Petition, Call Merchant,
Bribe Branch


You were on level 7 of the Dungeon.
You worshipped Gozag.
Gozag was pleased with you.
You were a hulking beast.
You visited 2 branches of the dungeon, and saw 8 of its levels.

You collected 708 gold pieces.
You paid 96 gold pieces to Gozag.

Inventory:

Armour
 r - a +0 buckler (worn)
Jewellery
 f - a +6 ring of dexterity (left tentacle)
 i - a ring of flight (right tentacle)
 k - a +4 ring of slaying (on tentacle)
 o - the ring "Wysy" (on tentacle) {Will+ Str+2 Dex+3 SInv}
   (You found it on level 6 of the Dungeon)

   [ring of willpower]

   Str+2:     It affects your strength (+2).
   Dex+3:     It affects your dexterity (+3).
   Will+:     It increases your willpower.
   SInv:      It lets you see invisible.
Talismans
 b - a beast talisman
 c - a flux talisman
 m - a blade talisman
Wands
 q - a wand of paralysis (5)
 s - a wand of acid (9)
Scrolls
 e - 3 scrolls of teleportation
 g - 2 scrolls of blinking
 u - a scroll of amnesia {unknown}
 v - a scroll of identify
Potions
 a - 2 potions of lignification
 d - 2 potions of brilliance
 h - 2 potions of haste
 j - a potion of attraction
 l - 2 potions of invisibility
 n - a potion of heal wounds
 p - a potion of curing {unknown}
 t - a potion of might {unknown}


   Skills:
 * Level 5.0 Fighting
 * Level 5.5 Dodging
 + Level 5.2 Stealth
 + Level 1.6 Shields
 * Level 5.9 Unarmed Combat
 + Level 2.3 Evocations
 * Level 5.5 Shapeshifting


You had 8 spell levels left.
You didn't know any spells.
Your spell library contained the following spells:

 Spells                   Type           Power      Damage    Failure   Level
 Ensorcelled Hibernation  Hex/Ice        0%         N/A       54%         2
 Lesser Beckoning         Tloc           0%         N/A       54%         2
 Passwall                 Tmut/Erth      0%         N/A       54%         2
 Poisonous Vapours        Pois/Air       0%         N/A       54%         2
 Static Discharge         Conj/Air       0%         3-3/arc   54%         2
 Dazzling Flash           Conj/Hex       0%         N/A       77%         3
 Gell's Gravitas          Tloc           0%         N/A       77%         3
 Mephitic Cloud           Conj/Pois/Air  0%         N/A       77%         3
 Swiftness                Air            0%         N/A       77%         3
 Teleport Other           Tloc           0%         N/A       77%         3
 Airstrike                Air            0%         2d(0-16)  99%         4
 Summon Lightning Spire   Summ/Air       0%         N/A       99%         4
 Agony                    Necr           0%         N/A       100%        5
 Freezing Cloud           Conj/Ice/Air   0%         6-21      100%        5
 Silence                  Hex/Air        0%         N/A       100%        5


Dungeon Overview and Level Annotations

Branches:
Dungeon (7/15)             Temple (1/1) D:5

Altars:
Ashenzari
Cheibriados
Dithmenos
Elyvilon
Fedhas
Gozag
Hepliaklqana
Kikubaaqudgha
Makhleb
Nemelex Xobeh
Okawaru
Qazlal
Ru
Sif Muna
Trog
Uskayaw
Vehumet
Wu Jian
Xom
Yredelemnul
Zin
The Shining One

Shops:
D:1 *


Innate Abilities, Weirdness & Mutations

You are a hulking beast.
Your limbs bulge with bestial killing power. (Slay +3)
You cannot wear most types of armour.
You are amphibious.
You can wear up to eight rings at the same time.
Your skin changes colour to match your surroundings (Stealth+).
Your rubbery body absorbs attacks. (AC +1, EV +1)
((You are camouflaged when in or above water. (Stealth+)))
You have tentacles for arms and can constrict up to eight enemies at once.


Message History

A howler monkey comes into view.
Things that are here:
a +0 mace; a +0 leather armour
Things that are here:
a +0 dagger; a +0 robe
Things that are here:
a +0 trident; a +0 ring mail You see here a +0 flail.
Things that are here:
a +0 dagger; a +0 ring mail
There is a stone staircase leading down here.
Found an escape hatch in the ceiling.
There is an escape hatch in the ceiling here.
You now have 612 gold pieces (gained 15).
An orc comes into view. It is wielding a +2 heavy war axe.
An orc is nearby!
The orc shouts!
The orc hits you with a +2 heavy war axe!!
The troll shouts!
You bludgeon the orc!
You kill the orc!
You feel yourself speed up. The troll completely misses you.
The troll claws you! The troll closely misses you.
You closely miss the troll. You tentacle-slap the troll.
The troll is lightly wounded.
You bludgeon the troll! You squeeze the troll!
The troll is heavily wounded.
The troll misses you. The troll completely misses you.
You block the troll's attack.
You tentacle-slap the troll.
The troll is severely wounded.
You barely miss the troll.
The troll is severely wounded.
The troll misses you. The troll claws you! x2
* * * LOW HITPOINT WARNING * * *
You bludgeon the troll!
The troll is almost dead.
The troll misses you. The troll claws you!
You die...
Your body crumbles into a pile of gold.

########.#.....####
#.####..# #.# #..#
#.####..#######
#.............#
######....###.#
##.#.# #.#.# #.#h#
#.#T# #.#.. #..#..
##. .#. #. ...# ##
.# . #. .


You could see a troll.

Vanquished Creatures
  A water moccasin (D:6)
  2 sky beasts
  An ice beast (D:6)
  An ogre (D:5)
  2 centaurs
  3 phantoms
  A kobold brigand (D:6)
  Blork the orc (D:5)
  A gnoll sergeant (D:6)
  A scorpion (D:6)
  A bullfrog (D:6)
  3 howler monkeys (D:7)
  A jelly (D:5)
  2 hounds
  An orc priest (D:4)
  A gnoll bouda (D:4)
  An iguana (D:5)
  2 orc wizards
  9 gnolls
  9 adders
  4 worms
  4 dart slugs
  15 orcs
  4 ball pythons
  3 bats
  9 endoplasms
  A giant cockroach (D:3)
  6 goblins
  5 hobgoblins
  9 jackals
  9 kobolds
  5 quokkas
  A frilled lizard (D:2)
  8 rats
127 creatures vanquished.

Notes
Turn   | Place    | Note
-------+----------+-------------------------------------------
     0 | D:1      | timneilson the Octopode Shapeshifter began the quest for
                  | the Orb.
     0 | D:1      | Reached XP level 1. HP: 13/13 MP: 1/1
    96 | D:1      | Found Sadghaugg's General Store.
   105 | D:1      | Reached XP level 2. HP: 12/18 MP: 2/2
   449 | D:1      | Reached XP level 3. HP: 23/23 MP: 3/3
   456 | D:1      | Reached skill level 1 in Stealth
  1088 | D:2      | Reached XP level 4. HP: 21/29 MP: 4/4
  2038 | D:3      | Found a broken altar of Ashenzari.
  2038 | D:3      | Found a stormy altar of Qazlal.
  2160 | D:3      | Reached XP level 5. HP: 21/34 MP: 5/5
  2852 | D:4      | Reached XP level 6. HP: 34/41 MP: 6/6
  2951 | D:5      | Entered Level 5 of the Dungeon
  2966 | D:5      | Found a staircase to the Ecumenical Temple.
  2975 | Temple   | Entered the Ecumenical Temple
  3006 | Temple   | Became a worshipper of Gozag Ym Sagoz the Greedy
  3175 | D:5      | Reached XP level 7. HP: 34/46 MP: 7/7
  3335 | D:5      | Noticed Blork the orc
  3343 | D:5      | Killed Blork the orc
  3952 | D:6      | Identified the ring "Wysy" {Will+ Str+2 Dex+3 SInv}
  4029 | D:6      | Reached skill level 5 in Unarmed Combat
  4029 | D:6      | Reached skill level 1 in Evocations
  4029 | D:6      | Reached XP level 8. HP: 46/54 MP: 8/8
  4176 | D:6      | Reached skill level 5 in Shapeshifting
  4529 | D:6      | Reached skill level 5 in Dodging
  5045 | D:6      | Reached skill level 1 in Shields
  5376 | D:7      | Noticed a troll
  5517 | D:7      | Reached skill level 5 in Stealth
  5563 | D:7      | Reached XP level 9. HP: 60/60 MP: 9/9
  5621 | D:7      | Reached skill level 5 in Fighting
  5913 | D:7      | Slain by a troll

Illustrated notes

Levels and vault maps discovered:
D:1:      onia_arrival_mini_spirals, layout_loops_ring, serial_shops, shop,
          serial_forest, infiniplex_forest_clump_double,
          infiniplex_forest_straight_4, infiniplex_forest_clump_large,
          infiniplex_forest_clump_long
D:2:      layout_loops_ring
D:3:      layout_basic, nicolae_overflow_two_pavilions,
          nicolae_figureground_pulse
D:4:      layout_gridville
D:5:      layout_layer_cave, minmay_temple_entry_mini_moons, uniq_blork_the_orc
D:6:      layout_layer_cave, abandoned_shop, minmay_puff
D:7:      layout_loops_ring, skrybe_limestone_x, hex_tiny
Temple:   mainiacjoe_temple_big_plus

Skill      XL: |  1  2  3  4  5  6  7  8  9 |
---------------+----------------------------+-----
Stealth        | 1 2 3 4 5 |  5.2
Fighting       | 2 3 4 5 |  5.0
Dodging        | 3 4 5 |  5.5
Unarmed Combat | 4 5 |  5.9
Shapeshifting  | 4 5 |  5.5
Evocations     | 1 2 |  2.3
Shields        | 1 |  1.6

Action                     |  1- 3 |  4- 6 |  7- 9 || total
---------------------------+-------+-------+-------++-------
  Melee: Unarmed           |    68 |   114 |    88 ||   270
         Constrict         |    20 |    33 |    19 ||    72
         Tentacles         |    10 |    23 |    30 ||    63
         Punch             |     2 |     5 |     8 ||    15
    Use: Scroll            |     2 |     7 |     2 ||    11
         Potion            |       |       |     2 ||     2
   Stab: Sleeping          |    13 |    11 |     6 ||    30
 Armour: Skin              |    19 |    38 |    36 ||    93
  Dodge: Dodged            |    42 |    53 |    44 ||   139
  Block: Buckler           |       |       |     7 ||     7

Table legend: (Time is in decaauts)
 A = Elapsed time spent in this place.
 B = Non-inter-level travel time spent in this place.
 C = Inter-level travel time spent in this place.
 D = Time resting spent in this place.
 E = Time spent auto-exploring this place.
 F = Levels seen in this place.
 G = Mean time per level.
                   A        B        C        D        E       F      G
               +--------+--------+--------+--------+--------+-----+--------+
         Total |   5893 |   5540 |    353 |     22 |   4063 |   8 |  736.6 |
       Dungeon |   5831 |   5537 |    294 |     22 |   4063 |   7 |  833.0 |
        Temple |     61 |      2 |     59 |      0 |      0 |   1 |   61.0 |
               +--------+--------+--------+--------+--------+-----+--------+

Top non-repeatable levels by time:
     D:6: 1547 daAuts
     D:3: 898 daAuts
     D:1: 885 daAuts
     D:5: 854 daAuts
     D:2: 760 daAuts
     D:7: 487 daAuts
     D:4: 397 daAuts
  Temple: 61 daAuts
